 Dungeon Crawl Stone Soup version 0.17-a0-528-gc205fd0 (console) character file.

24 MrRokkomies the Insei (level 3, 0/18 HPs)
             Began as a Vine Stalker Transmuter on Apr 12, 2015.
             Slain by Crazy Yiuf
             ... wielding a +3 quarterstaff of chaos
              (9 damage)
             ... on level 2 of the Dungeon.
             The game lasted 00:02:34 (981 turns).

MrRokkomies the Insei (Vine Stalker Transmuter)      Turns: 981, Time: 00:02:34

Health: 0/18       AC:  3    Str: 12    XL:     3   Next: 2%
Magic:  0/7        EV: 17    Int: 14    God:
Gold:   65         SH:  0    Dex: 19    Spells: 1 memorised, 5 levels left

rFire  . . .     SeeInvis .       - Unarmed
rCold  . . .     Clarity  .     c - +0 robe
rNeg   . . .     SustAb   .     (no shield)
rPois  .         Gourm    .     (no helmet)
rElec  .         Spirit   +     (no cloak)
rCorr  .         Warding  .     (no gloves)
rMut   .         Stasis   .     (no boots)
MR     .....                    (no amulet)
Stlth  ++........               (no ring)
                                (no ring)

@: confused, agile, not resistant to hostile enchantments, unstealthy
A: fangs 2, regeneration 1, shaggy fur 1, magic shield, antimagic bite, no
device heal 3, rot immunity
a: no special abilities


You were on level 2 of the Dungeon.
You were not hungry.

You visited 1 branch of the dungeon, and saw 2 of its levels.

You collected 65 gold pieces.

Inventory:

Missiles
 b - 38 arrows
Armour
 c - a +0 robe (worn)
Scrolls
 g - 3 scrolls of remove curse
Potions
 h - 3 potions of magic
Books
 d - a book of Changes

   Spells                             Type                      Level
   a - Beastly Appendage              Transmutation                1
   b - Sticks to Snakes               Transmutation                2
   c - Spider Form                    Transmutation/Poison         3
   d - Ice Form                       Ice/Transmutation            4
   e - Blade Hands                    Transmutation                5
Comestibles
 a - 2 bread rations
 f - 2 meat rations


   Skills:
 * Level 1.9 Fighting
 - Level 1.5 Dodging
 * Level 3.5 Unarmed Combat
 - Level 2.1 Spellcasting
 - Level 2.0 Transmutations


You had 5 spell levels left.
You knew the following spells:

 Your Spells              Type           Power        Failure   Level  Hunger
a - Beastly Appendage     Trmt           #.....       12%         1    #......


Dungeon Overview and Level Annotations

Branches:
Dungeon (2/15)

Altars:

Annotations:
D:2 Crazy Yiuf


Innate Abilities, Weirdness & Mutations

You have extremely sharp teeth.
Your natural rate of healing is unusually fast.
You are covered in fur (AC +1).
When hurt, damage is shared between your health and your magic reserves.
Your bite disrupts and absorbs the magic of your enemies.
Potions and wands cannot restore your health.
You are immune to rotting.


Message History

Crazy Yiuf is moderately wounded.
Crazy Yiuf zaps a wand.
You resist with some effort.
You bump into the tree.
Crazy Yiuf grits, "Gnoll spinner senile!"
Crazy Yiuf hits you but does no damage.
You completely miss Crazy Yiuf. Your kick misses Crazy Yiuf.
You bite Crazy Yiuf. You drain his power.
Crazy Yiuf is heavily wounded.
Your talons disappear.
Crazy Yiuf cries, "Proton shoe fast!"
Crazy Yiuf zaps a wand.
You resist with some effort.
You're too confused to move!
Crazy Yiuf hits you with a quarterstaff of chaos!
Ouch! That really hurt!
Crazy Yiuf draws strength from your injuries!
You closely miss Crazy Yiuf. Your bite misses Crazy Yiuf.
Crazy Yiuf yells, "Gum illywillydillykilly ragdoll!"
Crazy Yiuf hits you with a quarterstaff of chaos!
Ouch! That really hurt!
You die...

#.....#.#
#####..#'###
#...†......#
#..........#
#..........#
#.......>..#
#.........##
#.........#
#######.####77777
#..##...7.777
##.....@g7..7
#......7777.....#
##.#.P77 7#..)#
####77 ###


You could see Crazy Yiuf.

Vanquished Creatures
  4 bats
  3 hobgoblins (D:1)
  3 kobolds (D:1)
  A ball python (D:1)
  2 giant newts
  2 goblins (D:1)
  4 jackals (D:1)
  4 rats (D:1)
23 creatures vanquished.

Notes
Turn   | Place    | Note
--------------------------------------------------------------
     0 | D:1      | MrRokkomies, the Vine Stalker Transmuter, began the quest for the Orb.
     0 | D:1      | Reached XP level 1. HP: 9/9 MP: 4/4
    19 | D:1      | Reached skill level 1 in Fighting
    74 | D:1      | Reached XP level 2. HP: 11/14 MP: 3/6
   923 | D:2      | Reached XP level 3. HP: 18/18 MP: 7/7
   961 | D:2      | Noticed Crazy Yiuf
   981 | D:2      | Slain by Crazy Yiuf

Action                   || total
-------------------------++-------
Melee: Unarmed           ||    68
 Cast: Beastly Appendage ||     2
  Use: Scroll            ||     2
       Potion            ||     1
